 Dungeon Crawl Stone Soup version 0.21.1-1-g345015f (webtiles) character file.

900 poirepourri the Chopper (level 8, -3/64 HPs)
             Began as a Formicid Fighter on June 3, 2018.
             Was a Follower of Makhleb.
             Slain by a wight
             ... wielding a +4 great sword of freezing
              (6 damage)
             ... on level 6 of the Dungeon.
             The game lasted 00:06:38 (4735 turns).

poirepourri the Chopper (Formicid Fighter)          Turns: 4735, Time: 00:06:38

Health: -3/64      AC:  7    Str: 27    XL:     8   Next: 28%
Magic:  0/8        EV: 13    Int:  8    God:    Makhleb [*.....]
Gold:   187        SH: 10    Dex: 16    Spells: 7/7 levels left

rFire    . . .     SeeInvis +   a - +0 war axe
rCold    . . .     Gourm    .   c - +0 shield
rNeg     . . .     Faith    .   b - +0 scale mail
rPois    +         Spirit   +   (helmet unavailable)
rElec    .         Reflect  .   (no cloak)
rCorr    .         Harm     .   e - +0 pair of gloves
MR       .....                  (no boots)
Stlth    +.........             g - amulet of guardian spirit
HPRegen  0.20/turn              j - +5 ring of strength
MPRegen  0.11/turn              o - ring of poison resistance

@: agile, heavily drained
A: permanent stasis, dig shafts and tunnels, four strong arms, antennae 3
a: Dig, Shaft Self, Renounce Religion


You were on level 6 of the Dungeon.
You worshipped Makhleb.
Makhleb was aware of your devotion.
You were hungry.

You visited 2 branches of the dungeon, and saw 7 of its levels.

You collected 257 gold pieces.
You spent 70 gold pieces at shops.

Inventory:

Hand Weapons
 a - a +0 war axe (weapon)
 n - a +0 hunting sling
 u - the cursed +3 whip "Queruni" {slash, rC+}
   (You found it on level 4 of the Dungeon)

   It inflicts extra damage upon your enemies.
   It protects you from cold.
   It has a curse placed upon it.
Armour
 b - a +0 scale mail (worn)
 c - a +0 shield (worn)
 e - a +0 pair of gloves (worn)
Jewellery
 g - an amulet of guardian spirit (around neck)
 i - an uncursed ring of protection from cold
 j - a +5 ring of strength (left hand)
 m - an uncursed ring of fire
 o - a ring of poison resistance (right hand)
 v - an uncursed ring of fire
 w - an uncursed ring of protection from fire {unknown}
 x - a cursed ring of protection from cold
Wands
 l - a wand of paralysis (15)
 q - a wand of digging (16)
 y - a wand of clouds (5)
Scrolls
 h - a scroll of enchant armour {unknown}
 s - 2 scrolls of teleportation {unknown}
 t - a scroll of remove curse
Potions
 d - 3 potions of heal wounds {unknown}
 p - 2 potions of resistance {unknown}
 r - a potion of cancellation {unknown}
 A - a potion of berserk rage {unknown}
Comestibles
 f - 5 rations


   Skills:
 - Level 6.2(4.8) Fighting
 - Level 7.0(5.6) Axes
 - Level 3.2(2.0) Armour
 + Level 2.7(1.4) Dodging
 - Level 3.6(2.3) Shields


You had 7 spell levels left.
You didn't know any spells.

Dungeon Overview and Level Annotations

Branches:
Dungeon (6/15)             Temple (1/1) D:5

Altars:
Cheibriados
Elyvilon
Fedhas
Gozag
Kikubaaqudgha
Makhleb
Nemelex Xobeh
Qazlal
Ru
Uskayaw
Yredelemnul
The Shining One
Lugonu

Shops:
D:4 %

Annotations:
D:3 Grinder


Innate Abilities, Weirdness & Mutations

You cannot be hasted, slowed, berserked, paralysed or teleported.
You can dig through walls and to a lower floor.
Your four strong arms can wield two-handed weapons with a shield.
You have a pair of large antennae on your head. (SInv)


Message History

You closely miss the adder. You block the adder's attack.
The wight hits you with a great sword of freezing!
You feel drained. The wight freezes you.
Unknown command.
You closely miss the wight.
The wight is heavily damaged.
You closely miss the adder. The adder barely misses you.
The wight hits you with a great sword of freezing!
You feel drained. The wight freezes you.
* * * LOW HITPOINT WARNING * * *
You block the adder's attack.
Unknown command.
You feel agile all of a sudden. The adder misses you.
The wight hits you with a great sword of freezing!
* * * LOW HITPOINT WARNING * * *
You feel drained.
* * * LOW HITPOINT WARNING * * *
The wight freezes you.
You die...

### ##.##
###### #
##...##.#.!.
#.#.....#...
#.##...##.#
#..##.##(# {
#.((((<#
#.).S#.#
#..@...#
###z#### #.#
#.# #.# #.#
... #>#


You could see a wight and an adder.

Vanquished Creatures
  An ice beast (D:5)
  An ogre (D:5)
  3 centaurs
  A bullfrog (D:6)
  4 hounds (D:5)
  Jessica (D:2)
  An iguana (D:4)
  An orc wizard (D:5)
  A worker ant (D:4)
  A hound skeleton (D:4)
  A worker ant zombie (D:5)
  3 river rats (D:5)
  9 adders
  An adder skeleton (D:4)
  3 worms (D:5)
  4 leopard geckos
  4 orcs
  10 bats
  3 giant cockroaches
  4 goblins
  3 hobgoblins
  6 jackals
  2 quokkas
  A ball python (D:2)
  3 frilled lizards
  7 kobolds
  A leopard gecko skeleton (D:4)
  6 rats
86 creatures vanquished.

Notes
Turn   | Place    | Note
-------+----------+-------------------------------------------
     0 | D:1      | poirepourri the Formicid Fighter began the quest for the Orb.
     0 | D:1      | Reached XP level 1. HP: 18/18 MP: 1/1
   169 | D:1      | Reached XP level 2. HP: 19/24 MP: 2/2
   550 | D:1      | Reached skill level 3 in Axes
  1106 | D:2      | Reached XP level 3. HP: 28/29 MP: 3/3
  1186 | D:2      | Found a hide-covered altar of Uskayaw.
  1226 | D:2      | Noticed Jessica
  1232 | D:2      | Killed Jessica
  1232 | D:2      | Reached skill level 4 in Axes
  1232 | D:2      | Reached XP level 4. HP: 31/35 MP: 4/4
  2097 | D:3      | Reached XP level 5. HP: 40/41 MP: 5/5
  2173 | D:3      | Found a basalt altar of Yredelemnul.
  2187 | D:3      | Noticed Grinder
  2605 | D:4      | Found Rott's Food Emporium.
  2610 | D:4      | Bought a ration for 70 gold pieces
  2638 | D:4      | Reached skill level 5 in Axes
  2910 | D:4      | Found a white marble altar of Elyvilon.
  3050 | D:4      | Got a warped whip
  3055 | D:4      | Identified the cursed +3 whip "Queruni" {slash, rC+} (You found it on level 4 of the Dungeon)
  3285 | D:5      | Entered Level 5 of the Dungeon
  3294 | D:5      | Reached XP level 6. HP: 36/47 MP: 4/6
  3391 | D:5      | Found a staircase to the Ecumenical Temple.
  3430 | Temple   | Entered the Ecumenical Temple
  3450 | Temple   | Became a worshipper of Makhleb the Destroyer
  3517 | D:5      | Reached skill level 6 in Axes
  3612 | D:5      | Noticed an ogre
  3635 | D:5      | Killed an ogre
  3652 | D:5      | Reached skill level 7 in Axes
  3652 | D:5      | Reached XP level 7. HP: 50/52 MP: 5/7
  3869 | D:5      | Reached skill level 5 in Fighting
  3931 | D:5      | Reached * piety under Makhleb
  4366 | D:5      | Reached XP level 8. HP: 64/64 MP: 8/8
  4735 | D:6      | HP: 3/64 [wight/great sword of freezing (4)]
  4735 | D:6      | Slain by a wight

Skill      XL: |  1  2  3  4  5  6  7  8 |
---------------+-------------------------+-----
Axes           | 3 4 5 7 |  7.0
Fighting       | 6 |  6.2
Dodging        | 2 |  2.7
Armour         | |  3.2
Shields        | |  3.6

Action                   |  1- 3 |  4- 6 |  7- 9 || total
-------------------------+-------+-------+-------++-------
Melee: War axe           |    58 |   164 |   119 ||   341
Evoke: Wand              |       |     2 |       ||     2
  Use: Scroll            |     3 |     8 |       ||    11
       Potion            |       |     2 |     1 ||     3
  Eat: Ration            |     1 |     2 |       ||     3
       Chunk             |       |       |     2 ||     2
Armor: Scale mail        |    63 |   132 |    48 ||   243
Dodge: Dodged            |    36 |   121 |    58 ||   215
Block: Shield            |    51 |   182 |    76 ||   309
